 Dungeon Crawl Stone Soup version 0.29-a0-653-gd47aff6735 (webtiles) character file.

Game seed: 17772904755027296246

25 frimble the Grasshopper (level 3, -3/24 HPs)
             Began as an Octopode Warper on June 22, 2022.
             Slain by Sigmund
             ... wielding a +0 scythe
              (6 damage)
             ... on level 2 of the Dungeon.
             The game lasted 00:01:14 (1125 turns).

frimble the Grasshopper (Octopode Warper)           Turns: 1125, Time: 00:01:14

Health: -3/24      AC:  1    Str: 10    XL:     3   Next: 4%
Magic:  6/6        EV: 13    Int: 15    God:
Gold:   51         SH:  0    Dex: 13    Spells: 4/6 levels left

rFire   . . .      SeeInvis .   a - +0 falchion
rCold   . . .      Faith    .   (no shield)
rNeg    . . .      Spirit   .   (helmet restricted)
rPois   .          Reflect  .   (no amulet)
rElec   .          Harm     .   (no ring)
rCorr   .          Rampage  .   (no ring)
Will    .....                   (no ring)
Stlth   ++........              (no ring)
HPRegen 0.08/turn               (no ring)
MPRegen 0.10/turn               (no ring)
                                (no ring)
                                (no ring)

@: on berserk cooldown, slowed, very slow
A: almost no armour, amphibious, 8 rings, camouflage 1, gelatinous body 1,
(nimble swimmer 1), tentacles
a: no special abilities


You were on level 2 of the Dungeon.
You visited 1 branch of the dungeon, and saw 2 of its levels.

You collected 51 gold pieces.

Inventory:

Hand Weapons
 a - a +0 falchion (weapon)
Missiles
 c - 7 boomerangs of dispersal (quivered)
Scrolls
 b - 2 scrolls of blinking


   Skills:
 + Level 2.2 Fighting
 + Level 2.2 Long Blades
 + Level 1.3 Throwing
 + Level 2.6 Dodging
 + Level 2.2 Spellcasting
 + Level 3.2 Translocations


You had 4 spell levels left.
You knew the following spells:

 Your Spells              Type           Power      Damage    Failure   Level
a - Blink                 Tloc           22%        N/A       9%          2

Your spell library contained the following spells:

 Spells                   Type           Power      Damage    Failure   Level
 Gell's Gravitas          Tloc           11%        N/A       17%         3
 Lesser Beckoning         Tloc           11%        N/A       17%         3
 Teleport Other           Tloc           11%        N/A       17%         3
 Manifold Assault         Tloc           11%        N/A       85%         5


Dungeon Overview and Level Annotations

Branches:
Dungeon (2/15)

Altars:

Shops:
D:1 [

Annotations:
D:2 Sigmund


Innate Abilities, Weirdness & Mutations

You cannot wear most types of armour.
You are amphibious.
You can wear up to eight rings at the same time.
Your skin changes colour to match your surroundings (Stealth+).
Your rubbery body absorbs attacks. (AC +1, EV +1)
((You are camouflaged when in or above water. (Stealth+)))
You have tentacles for arms and can constrict up to eight enemies at once.


Message History

You start resting.
HP restored.
There is a stone staircase leading down here.
It was a potion of magic.
Magic courses through your body.
It was a potion of cancellation.
You feel magically purged.
It was a potion of berserk rage.
A red film seems to cover your vision as you go berserk!
You feel yourself moving faster!
You feel mighty!
You feel a strong urge to attack something.
You climb downwards.
Level annotation: Sigmund Sigmund hits you but does no damage.
There is a stone staircase leading up here.
You feel your anger nearly subside.
You barely miss Sigmund. Your grab misses Sigmund.
You are no longer berserk.
You are exhausted.
You feel yourself slow down.
Sigmund screams, "Only death can liberate you!"
Sigmund gestures at you while chanting.
You are confused.
You bump into the rock wall.
The kobold closely misses you. Sigmund misses you.
The kobold barely misses you.
You're too confused to move!
The kobold barely misses you. Sigmund hits you with a +0 scythe!
You're too confused to move!
The kobold hits you with a +0 short sword.
Sigmund hits you but does no damage. The kobold barely misses you.
You closely miss Sigmund. The kobold completely misses you.
Sigmund mumbles some strange words.
Sigmund flickers and vanishes!
Deactivating autopickup; reactivate with Ctrl-A.
The kobold attacks as you move away! The kobold hits you but does no damage.
Something hits you!
* * * LOW HITPOINT WARNING * * *
You feel less confused. Something barely misses you.
The kobold closely misses you.
You aren't carrying any potions.
The kobold barely misses you. Something hits you.
You die...

******#.....#**,,,,*,*,,,***,*
,,,,,,+.....+,,,,,,*,*,,,,**,*
,,****#."...#**,#,,*,*,,,,**,*
,,* #.....###.#..*,*,,,,**,*
,,* #............*,*,,,,**,*
,,* #......##.##,*,*,,,,,*,*
,,* ######K#*,,,,*,*,,,*,*,*
*,* #.#######,*,,,*,,,* *,*
#.#..@K{#,*,,,**,,* *,*
#.#...#.#,******,,* *,********
#.#####.#,* *,>* *,*,,,,,,*
#.K.....#,* **,* *,*,****,*
#########,* *,* *,*,,,<*,*
****,* *,* *,******,* *,,,,*
*,* *,*,,,,,,* *,**** *,*
*,*,****** *,* *,*


You could see a kobold.

Vanquished Creatures
  A dart slug (D:1)
  A ball python (D:1)
  An endoplasm (D:1)
  A giant cockroach (D:1)
  5 goblins (D:1)
  3 hobgoblins (D:1)
  A bat (D:1)
  A frilled lizard (D:1)
  3 kobolds (D:1)
  3 rats (D:1)
  A spectral goblin (D:1)
21 creatures vanquished.

Notes
Turn   | Place    | Note
-------+----------+-------------------------------------------
     0 | D:1      | frimble the Octopode Warper began the quest for the Orb.
     0 | D:1      | Reached XP level 1. HP: 14/14 MP: 3/3
    82 | D:1      | Reached XP level 2. HP: 18/19 MP: 5/5
    85 | D:1      | Learned a level 2 spell: Blink
   150 | D:1      | Found Woagu's Antique Armour Emporium.
   717 | D:1      | Found a faded altar of an unknown god.
   826 | D:1      | Reached XP level 3. HP: 24/24 MP: 6/6
   950 | D:2      | Noticed Sigmund
  1125 | D:2      | Slain by Sigmund

Illustrated notes

Levels and vault maps discovered:
D:1:      heliophobic_arrival_glass_houses, layout_basic,
          dreamdust_ecumenical_altar_drowned_temple, serial_shops,
          nicolae_diamond_shop
D:2:      layout_basic, uniq_sigmund

Action                   || total
-------------------------++-------
Melee: Falchion          ||    39
       Constrict         ||     8
       Tentacles         ||     5
  Use: Potion            ||     3
       Scroll            ||     1
 Stab: Sleeping          ||     3
Armor: Skin              ||     7
Dodge: Dodged            ||    44

Table legend: (Time is in decaauts)
 A = Elapsed time spent in this place.
 B = Non-inter-level travel time spent in this place.
 C = Inter-level travel time spent in this place.
 D = Time resting spent in this place.
 E = Time spent auto-exploring this place.
 F = Levels seen in this place.
 G = Mean time per level.
                   A        B        C        D        E       F      G
               +--------+--------+--------+--------+--------+-----+--------+
         Total |   1134 |   1120 |     14 |    136 |    810 |   2 |  567.0 |
       Dungeon |   1134 |   1120 |     14 |    136 |    810 |   2 |  567.0 |
               +--------+--------+--------+--------+--------+-----+--------+

Top non-repeatable levels by time:
     D:1: 1087 daAuts
     D:2: 47 daAuts
